[Event "Early-Titled-Tuesday-Blitz-April-23-2024"]
[Site "Chess.com"]
[Date "2024.04.23"]
[Round "2"]
[White "Flawless_Fighter"]
[Black "Yonousomodulo"]
[Result "1-0"]
[WhiteElo "2724"]
[BlackElo "2391"]
[TimeControl "180+1"]
[EndTime "8:18:50 PDT"]
[Termination "Flawless_Fighter won on time"]

1. Nf3 Nf6 2. g3 e6 3. Bg2 d5 4. O-O Be7 5. d4 O-O 6. c4 dxc4 7. Na3 Bxa3 8. bxa3 b5 9. Rb1 a6 10. Ne5 Nd5 11.
Qc2 Bb7 12. Be4 h6 13. Nxc4 Nc6 14. e3 Rb8 15. Nb2 Qd6 16. Nd3 Nce7 17. Nc5 Rfd8 18. Bd2 Bc8 19. Ba5 Nb6 20. Bb4 Ned5 21. Nxa6 Nxb4 22.
Nxb4 Nc4 23. Qc3 Bb7 24. Bxb7 Rxb7 25. a4 Rdb8 26. Nd3 Na3 27. Rb3 b4 28. Qc5 Kf8 29. Rc1 Ke7 30. h4 g6 31. Ne5 Qxc5 32.
Rxc5 Ke8 33. h5 gxh5 34. Nc6 Ra8 35. a5 Ra6 36. Rxb4 Rxb4 37. Nxb4 Ra8 38. Rxh5 Nc4 39. Rxh6 Rxa5 40. Rh8+ Kd7 41. Rh7 Ke8 42. Rh8+ Kd7 43. Rb8 Ra4 44. Kg2 Nb6 45. Nd3 Rxa2 46. Ne5+ Ke7 47. Rh8 Nd5 48. Kf3 Rc2 49. Rh7 c5 50.
Rxf7+ Ke8 51. dxc5 Rxc5 52. Ra7 Rb5 53. Ra8+ Ke7 54.
Nc6+ Kf7 55. Nd4 Rb6 56. Ra7+ Kf6 57. g4 Ne7 58. Ra5 Kf7 59. Kg3 Kf6 60. Nf3 1-0

[Event "Early-Titled-Tuesday-Blitz-April-23-2024"]
[Site "Chess.com"]
[Date "2024.04.23"]
[Round "2"]
[White "SmirnovTimofey2000"]
[Black "icy"]
[Result "0-1"]
[WhiteElo "1983"]
[BlackElo "2457"]
[TimeControl "180+1"]
[EndTime "8:18:50 PDT"]
[Termination "icy won by checkmate"]

1. d4 d6 2. Bf4 g6 3. Nc3 Bg7 4. e4 c5 5. dxc5 Qa5 6. Ne2 Qxc5 7. Qd2 Nf6 8. O-O-O O-O 9. Bh6 Nc6 10. h4 Bxh6 11. Qxh6 Ng4 12. Qg5 Qxg5+ 13. hxg5 Nxf2 14. Rh4 Nxd1 15. Kxd1 f6 16. gxf6 Rxf6 17. Ke1 Be6 18. Nd5 Bxd5 19.
exd5 Raf8 20. Rh1 Ne5 21. Nd4 Ng4 22. Ne6 Ne3 23. Nxf8 Rxf8 24. Bd3 Nxg2+ 25. Kd2 Nf4 26. Re1 Kf7 27. Be4 h5 28. Rf1 g5 29. Ke3 Kg7 30.
Rg1 Kf6 31. c4 Rh8 32. b4 h4 33. c5 h3 34. a4 Rc8 35. c6 bxc6 36. dxc6 d5 37.
Bf3 Rxc6 38. b5 Rc3+ 39. Kf2 Nd3+ 40. Kg3 Ne5 41. Rf1 Rxf3+ 42. Rxf3+ Nxf3 43. Kxf3 Ke6 44. a5 Kd7 45. b6 axb6 46. a6 Kc8 47. a7 Kb7 48. a8=Q+ Kxa8 49. Kg3 g4 50. Kh2 d4 51.
Kg3 d3 52. Kxg4 h2 53. Kf4 h1=Q 54. Kg4 Qd5 55. Kf4 d2 56. Kg4 d1=Q+ 57. Kf4 Q1f3# 0-1

[Event "Early-Titled-Tuesday-Blitz-April-23-2024"]
[Site "Chess.com"]
[Date "2024.04.23"]
[Round "2"]
[White "LeRoidesChampions"]
[Black "klimkoj"]
[Result "0-1"]
[WhiteElo "2615"]
[BlackElo "2915"]
[TimeControl "180+1"]
[EndTime "8:18:53 PDT"]
[Termination "klimkoj won by checkmate"]

1. Nf3 d5 2. b3 Nf6 3. Bb2 c5 4. e3 g6 5. d4 cxd4 6. Bxd4 Bg7 7. Nbd2 O-O 8. c4 Nc6 9. Bb2 Bg4 10. Be2 dxc4 11.
Nxc4 Qc7 12. O-O Rfd8 13. Qe1 Rac8 14. Rc1 Qb8 15. Nfe5 Be6 16. Nxc6 Rxc6 17. Bf3 Rcc8 18. Qb4 Bd5 19. Be5 Qa8 20. Bxf6 Bxf6 21. Bxd5 Rxd5 22. Rfd1 b5 23. Nd2 Rcd8 24. Kf1 a5 25. Qg4 Qa6 26.
Ne4 b4+ 27. Kg1 Bb2 28. Rxd5 Rxd5 29. Rd1 f5 30. Nf6+ Bxf6 31. Qf3 Rxd1+ 32. Qxd1 Qd6 33.
Qc2 Qd5 34. g3 Kg7 35. Qc7 h5 36. h4 Kf7 37. Qb6 Be5 38. Qa6 Bd6 39. Qb6 Kg7 40. Qa7 Qc5 41. Qb7 Qc2 42. Qd5 Qxa2 43. Qd4+ Kh7 44. Qd5 Qa1+ 45. Kg2 Kg7 46. e4 fxe4 47. Qxe4 Qe5 48. Qc4 Bc5 49. f4 Qd4 50. Qe6 Qd2+ 51. Kf3 Qd6 52. Qe4 e6 53. Qe2 Qd5+ 54. Qe4 Qxb3+ 55.
Kg2 Qd5 56. Kh3 Qxe4 57. f5 Qxf5+ 58. g4 Qxg4+ 59. Kh2 Bd6+ 60. Kh1 Qh3+ 61. Kg1 Bc5# 0-1

[Event "Early-Titled-Tuesday-Blitz-April-23-2024"]
[Site "Chess.com"]
[Date "2024.04.23"]
[Round "2"]
[White "Statham_01"]
[Black "scarabee43"]
[Result "0-1"]
[WhiteElo "2574"]
[BlackElo "2845"]
[TimeControl "180+1"]
[EndTime "8:18:53 PDT"]
[Termination "scarabee43 won by resignation"]

1. e4 c5 2. c3 d5 3. exd5 Qxd5 4. Nf3 Nf6 5. d4 Nc6 6. Be3 e6 7. Be2 Be7 8. dxc5 Qxd1+ 9. Bxd1 Ng4 10. b4 Nxe3 11.
fxe3 a5 12. Ba4 Bd7 13. Nd4 axb4 14. Bxc6 Bxc6 15. cxb4 Bxg2 16. Rg1 Be4 17. Nc3 Bg6 18. O-O-O O-O 19. Kb2 b6 20. Nc6 Bf6 21. cxb6 Ra6 22.
b5 Rxb6 23. a4 Rc8 24. Rd6 Kf8 25. Kb3 Bxc3 26. Kxc3 Be4 27. Kd4 Bxc6 28. Kc5 Bxb5+ 29. Kxb6 Bxa4 30. Rd4 Bb3 31. Rb1 Bd5 32. Rbd1 Rc6+ 33. Kb5 Rc2 34. e4 Bc6+ 35. Kb6 Ke7 36. e5 Bd5 37.
Ra4 Rb2+ 38. Kc5 g5 39. Ra7+ Kf8 40. Rf1 Bb7 41. Kd6 g4 42. Kc7 Bf3 43. h3 h5 44. hxg4 hxg4 45. Rg1 Re2 46. Kd6 Rd2+ 47. Kc7 Rd5 48. Re1 Kg7 49. Ra3 Kg6 50. Rg1 Kf5 51.
Re3 Rxe5 52. Rc3 Rd5 53. Ra3 e5 54. Kb6 Kf4 55. Ra7 f5 56. Ra4+ e4 57. Kc6 Rd3 58.
Kc5 g3 59. Kc4 g2 60. Ra2 Kg3 61. Ra5 Rd1 62. Rxd1 Bxd1 63. Rxf5 g1=Q 64. Rg5+ Bg4 0-1

[Event "Early-Titled-Tuesday-Blitz-April-23-2024"]
[Site "Chess.com"]
[Date "2024.04.23"]
[Round "2"]
[White "MaiqMaster"]
[Black "DanielDardha2005"]
[Result "0-1"]
[WhiteElo "2436"]
[BlackElo "2864"]
[TimeControl "180+1"]
[EndTime "8:18:56 PDT"]
[Termination "DanielDardha2005 won by resignation"]

1. d4 d5 2. c4 e6 3. Nf3 f5 4. g3 Nf6 5. Bg2 Bd6 6. O-O Nc6 7. Nc3 O-O 8. Bg5 Be7 9. Ne5 Ne4 10.
Bxe7 Nxe7 11. f3 Nd6 12. c5 Nf7 13. Nxf7 Rxf7 14. e4 fxe4 15. fxe4 Rxf1+ 16. Qxf1 dxe4 17. Rd1 e3 18. Qf3 Nf5 19. g4 Nh4 20. Qxe3 Nxg2 21. Kxg2 b6 22. c6 Qd6 23. d5 e5 24. Ne4 Qg6 25. h3 Bxg4 26. Rg1 Bf5+ 27. Kh2 Qf7 28. Nc3 Re8 29. Rf1 g6 30. Ne4 Qe7 31.
Ng3 Bc8 32. Ne4 Bf5 33. Ng3 Rf8 34. Nxf5 Rxf5 35. Rxf5 gxf5 36. Qd3 e4 37. Qd4 e3 38. d6 cxd6 39. Qc4+ Qf7 40. Qxf7+ Kxf7 41. c7 e2 42. c8=Q e1=Q 43. Qd7+ Kf6 44. Qxd6+ Qe6 45. Qd8+ Qe7 46. Qh8+ Kg6 47. Qg8+ Kh6 48. Qb8 Qe2+ 49. Kg3 Qe3+ 50.
Kg2 a5 51. Qc7 Qe2+ 52. Kg3 Qe3+ 53. Kg2 Qe4+ 54. Kg3 Qe1+ 55. Kg2 Qe6 56. Qf4+ Kg6 57. Qf3 Qe4 58. Kf2 Qxf3+ 59. Kxf3 Kg5 60. Kg3 f4+ 61. Kf3 Kf5 62. h4 h5 63. a4 Ke5 64. b3 Kf5 65.
Kf2 Kg4 66. Kg2 Kxh4 67. Kf3 Kg5 0-1

[Event "Early-Titled-Tuesday-Blitz-April-23-2024"]
[Site "Chess.com"]
[Date "2024.04.23"]
[Round "2"]
[White "RedFirePanda"]
[Black "JiiHart"]
[Result "0-1"]
[WhiteElo "2468"]
[BlackElo "2182"]
[TimeControl "180+1"]
[EndTime "8:18:58 PDT"]
[Termination "JiiHart won by resignation"]

1. d4 d5 2. Bf4 Bf5 3. Nf3 Nf6 4. h3 e6 5. e3 c5 6. c3 Nc6 7. Bd3 Qb6 8. Bxf5 exf5 9. Qc2 Ne4 10. Nbd2 Be7 11. O-O cxd4 12. exd4 O-O 13. Ne5 Nxe5 14.
Bxe5 f6 15. Bh2 Bd6 16. Bxd6 Qxd6 17. Qd3 Nxd2 18. Qxd2 Rfe8 19. Rfe1 f4 20. Re2 Re4 21. f3 Rxe2 22. Qxe2 Qd7 23. Re1 Kf7 24. Qd2 Qd6 25. Qd3 g6 26. Qb5 Qc6 27. Qb4 Re8 28. Rxe8 Kxe8 29.
b3 Kf7 30. c4 b6 31. Kf2 a5 32. Qb5 Qxb5 33. cxb5 Ke6 34. a3 f5 35. Ke2 g5 36.
Kd3 h5 37. Ke2 g4 38. hxg4 fxg4 39. Kf2 Kf5 40. Kg1 h4 41. Kh2 h3 42. fxg4+ Kxg4 43. gxh3+ Kf3 44. h4 Ke2 45. h5 f3 46. h6 f2 47. h7 f1=Q 48. h8=Q Qf2+ 49. Kh3 Qf3+ 50.
Kh2 Qf4+ 51. Kh3 Qf3+ 52. Kh2 Qxb3 53. Qe5+ Kd3 54. Qf5+ Kc4 55. Qc8+ Kxb5 56. Qd7+ Kc4 57. Qc6+ Kxd4 58. Qf6+ Kd3 59. Qf3+ Kc2 60. Qe2+ Kb1 61.
Qe1+ Ka2 62. Qf2+ Qb2 63. Qxb2+ Kxb2 64. a4 Kb3 65. Kg3 Kxa4 66. Kf4 b5 67. Ke5 b4 68. Kxd5 0-1

[Event "Early-Titled-Tuesday-Blitz-April-23-2024"]
[Site "Chess.com"]
[Date "2024.04.23"]
[Round "2"]
[White "Hsper248"]
[Black "Zohid6"]
[Result "0-1"]
[WhiteElo "2629"]
[BlackElo "2947"]
[TimeControl "180+1"]
[EndTime "8:18:59 PDT"]
[Termination "Zohid6 won by resignation"]

1. e4 e5 2. Nf3 Nf6 3. Nxe5 d6 4. Nf3 Nxe4 5. Bd3 Nf6 6. O-O Be7 7. Re1 O-O 8. c3 d5 9. Bc2 Bd6 10. d4 c6 11. h3 h6 12. Nbd2 Be6 13. Nf1 Nbd7 14. Ng3 Qc7 15. Nf5 Bf4 16. Bxf4 Qxf4 17. Ne7+ Kh8 18.
Rxe6 Ne4 19. Bxe4 dxe4 20. Ne5 Qg5 21. Nxd7 fxe6 22. Nxf8 Rxf8 23. Qg4 Qxe7 24. Qxe4 Rf6 25. Re1 Qf7 26. Re2 Qh5 27. Qe5 Qe8 28. a4 Kh7 29. a5 a6 30. b4 Qf8 31. f3 Qf7 32. Re3 Qd7 33. Re4 Qf7 34. Kf2 Qg6 35. h4 Qf7 36. h5 Qd7 37. Rf4 Qf7 38. Ke3 Rxf4 39. Qxf4 Qxh5 40.
g4 Qh1 41. Qe4+ Kh8 42. Kf2 Qh2+ 43. Kf1 Qh1+ 44. Kf2 Qh2+ 45. Ke1 Qb2 46. Qe3 Qa2 47. Kf1 Kg8 48. Kg1 Qd5 49. Kg2 Qd6 50. Qe4 Kf7 51.
Qe3 Ke7 52. Qe4 Kd8 53. Qg6 Qe7 54. Qe4 Qf6 55. Kg3 Ke7 56. Qe3 Kd7 57. Qe4 Qg5 58. f4 Qf6 59. Qe5 Qxe5 60. dxe5 g6 61. Kh4 c5 62.
bxc5 Kc6 63. f5 gxf5 64. gxf5 exf5 65. e6 Kc7 66. c4 Kd8 67. Kh5 Ke7 68. Kxh6 f4 69.
Kg5 f3 70. Kf5 f2 71. Ke5 f1=Q 72. Kd5 Qd3+ 0-1

[Event "Early-Titled-Tuesday-Blitz-April-23-2024"]
[Site "Chess.com"]
[Date "2024.04.23"]
[Round "2"]
[White "Balla_Tamas"]
[Black "hmatyi07"]
[Result "1-0"]
[WhiteElo "2543"]
[BlackElo "2307"]
[TimeControl "180+1"]
[EndTime "8:18:59 PDT"]
[Termination "Balla_Tamas won by checkmate"]

1. Nf3 Nf6 2. b3 Nc6 3. Bb2 d6 4. e3 e5 5. c4 g6 6. Nc3 Bg7 7. d4 O-O 8. Be2 Re8 9. O-O exd4 10. exd4 d5 11. Re1 Bf5 12. Qd2 Ne4 13. Nxe4 dxe4 14. Ng5 e3 15. fxe3 Qxg5 16. Bf3 Rad8 17. Qf2 Be4 18.
Rad1 Bxf3 19. Qxf3 Rd7 20. h3 Rde7 21. e4 Qf6 22. Qd3 Qf4 23. e5 Rd7 24. Rf1 Qh4 25. Qf3 Qe7 26. Qe4 Red8 27. Rfe1 Nxe5 28. d5 Nf3+ 29.
Qxf3 Qc5+ 30. Kh1 Bxb2 31. Re2 Bg7 32. Rde1 h5 33. Re4 Qd6 34. Qe3 b6 35. a4 a5 36.
Qd3 Qc5 37. Qf3 Qd6 38. Qd3 Qb4 39. Qf3 Rd6 40. Re8+ Rxe8 41. Rxe8+ Kh7 42. Qxf7 Rf6 43. Qg8+ Kh6 44. Re2 Rf1+ 45. Kh2 Be5+ 46. Rxe5 Qd6 47. Qe6 Qxe6 48. Rxe6 Rb1 49. Rc6 Rxb3 50. Rxc7 Rb4 51. d6 Rb3 52. d7 Rd3 53. Kg1 Kg7 54. Kf2 Kf6 55. Ke2 Rd6 56. Rc6 Rxc6 57. d8=Q+ Ke5 58. Qd5+ Kf4 59. Qxc6 g5 60. Qd5 Kg3 61. Qf3+ Kh4 62. Qf2# 1-0

[Event "Early-Titled-Tuesday-Blitz-April-23-2024"]
[Site "Chess.com"]
[Date "2024.04.23"]
[Round "2"]
[White "adotand"]
[Black "Thunderbolt135"]
[Result "0-1"]
[WhiteElo "2950"]
[BlackElo "2650"]
[TimeControl "180+1"]
[EndTime "8:19:02 PDT"]
[Termination "Thunderbolt135 won by resignation"]

1. d4 Nf6 2. c4 e6 3. Nc3 d5 4. cxd5 exd5 5. Bg5 c6 6. e3 Be7 7. Bd3 Bg4 8. Qb3 Qb6 9. h3 Bh5 10.
Nge2 Bg6 11. Bxg6 hxg6 12. Qc2 Nbd7 13. O-O O-O 14. a3 a5 15. Bf4 Rfe8 16. Rad1 Nf8 17.
Na4 Qd8 18. Qb3 b5 19. Nac3 Ne6 20. Bh2 a4 21. Qc2 Bd6 22. Bxd6 Qxd6 23. Na2 Rac8 24. Nb4 Nd8 25. Nc1 Nb7 26. Ncd3 Na5 27. Nc5 Nc4 28.
Nbd3 g5 29. Qe2 g6 30. Qf3 Kg7 31. g4 Rh8 32. Kg2 Rce8 33. Rh1 Ne4 34. Rde1 f5 35.
gxf5 Rhf8 36. Qe2 Rxf5 37. Qg4 Ncd2 38. Re2 Ref8 39. Nxe4 Nxe4 40. Rf1 Rf3 41. Ne5 R3f5 42. f3 Nf6 43. Qg3 Nh5 44. Qh2 Qf6 45. Ref2 Qe6 46.
Rc1 Rc8 47. Rc3 c5 48. Rfc2 c4 49. Re2 Rcf8 50. Kf2 R5f6 51. Ke1 Rxf3 52. Nxf3 Rxf3 53. Kd2 Nf6 54. Rc1 Ne4+ 55. Kc2 Qf5 56. Qe5+ Qxe5 57. dxe5 Kf7 58. Rg1 Ke6 59. h4 gxh4 60. Rxg6+ Kxe5 61. Rh6 h3 62. Rh2 Ng5 63. Kc3 Rxe3+ 64. Kb4 Rb3+ 65. Kc5 d4 66. Rf2 Ne4+ 0-1

[Event "Early-Titled-Tuesday-Blitz-April-23-2024"]
[Site "Chess.com"]
[Date "2024.04.23"]
[Round "2"]
[White "GM_dmitrij"]
[Black "Aslanov_Umid"]
[Result "1-0"]
[WhiteElo "3016"]
[BlackElo "2641"]
[TimeControl "180+1"]
[EndTime "8:19:03 PDT"]
[Termination "GM_dmitrij won by resignation"]

1. Nf3 d5 2. g3 c6 3. Bg2 Bg4 4. c4 e6 5. O-O Nd7 6. d3 Ngf6 7. cxd5 cxd5 8. Nc3 Be7 9. h3 Bh5 10. Bf4 O-O 11. Rc1 Rc8 12. Qb3 Qb6 13. g4 Bg6 14.
Qxb6 Nxb6 15. Nh4 Nxg4 16. Nxg6 fxg6 17. Bg3 Nf6 18. e4 dxe4 19. dxe4 Bc5 20. Nb5 Na4 21. b3 Nb2 22. Nc7 Bb6 23. Nxe6 Rxc1 24. Rxc1 Re8 25.
e5 Nd3 26. Rc3 Nxe5 27. Nc7 Bxc7 28. Rxc7 Nd3 29. Rxb7 h5 30. Rxa7 g5 31. Ra8 Rxa8 32. Bxa8 Nc1 33. b4 Nxa2 34. b5 Nb4 35. b6 Nd7 36.
Bc7 Kf7 37. Bf3 g6 38. b7 Na6 39. Bg3 Ke6 40. Be4 Kf6 41. Bd6 Ndb8 42. Bd3 Ke6 43. Bg3 Kd7 44. Bxg6 Kc6 45. Bxh5 Kxb7 46. Kg2 Nd7 47.
Kf3 Kc6 48. Kg4 Kd5 49. Kxg5 Nac5 50. Bf7+ Kd4 51. h4 Nf8 52. h5 Ne4+ 53. Kf5 Nc5 54. h6 Ncd7 55. Bg8 Kc5 56. h7 Nxh7 57. Bxh7 Nf8 58.
Bg6 Kd4 59. Be8 Nh7 60. Kg6 Nf8+ 61. Kf5 Kd3 62. Be5 Ke2 63. f4 Kf3 64. Bd6 Nh7 65.
Bg6 1-0

[Event "Early-Titled-Tuesday-Blitz-April-23-2024"]
[Site "Chess.com"]
[Date "2024.04.23"]
[Round "2"]
[White "wannabe2700"]
[Black "InitiatingASC"]
[Result "1-0"]
[WhiteElo "2605"]
[BlackElo "2360"]
[TimeControl "180+1"]
[EndTime "8:19:04 PDT"]
[Termination "wannabe2700 won on time"]

1. b3 Nf6 2. Bb2 e6 3. Nf3 b6 4. g3 Bb7 5. Bg2 Be7 6. O-O d6 7. c4 c5 8. d4 cxd4 9. Qxd4 Nbd7 10. Nc3 O-O 11. Rfd1 a6 12. Ba3 Nc5 13. b4 Ncd7 14.
e4 Qc7 15. Rac1 Rfd8 16. Na4 Bxe4 17. Ne1 Bxg2 18. Nxg2 Qc6 19. Nc3 Ne5 20. Kh1 Nxc4 21. b5 axb5 22. Bb4 Qf3 23. Nxb5 Ng4 24. Kg1 Nce5 25. Rc7 Bf8 26. Ne1 Qe2 27. Nc3 Qxe1+ 28. Kg2 Qxf2+ 29. Qxf2 Nxf2 30. Kxf2 d5 31. Bxf8 Rxf8 32.
Rb1 Rfc8 33. Rxc8+ Rxc8 34. Rxb6 Nd7 35. Rb3 Nc5 36. Rb5 Nd3+ 37. Ke3 Ne5 38. Kd2 h5 39. h4 Nf3+ 40. Kd3 Ne1+ 41. Kd2 Nf3+ 42. Kd3 Ne5+ 43.
Kd2 Nc4+ 44. Kd3 Nd6 45. Rb6 Nf5 46. Ne2 Ra8 47. Nc3 Nxg3 48. a4 Ne4 49. Nb5 Nc5+ 50.
Kd4 Nxa4 51. Rb7 Nb2 52. Nc7 Ra4+ 53. Kc3 Nd1+ 54. Kd2 Rd4+ 55. Ke2 Nc3+ 56. Ke3 Rxh4 57. Ne8 d4+ 58. Kd3 Nd5 59. Nd6 g6 60. Nxf7 Nf4+ 61. Kxd4 Ne2+ 62. Ke5 Ng3 63. Nh6+ Kf8 64. Kf6 Ke8 65. Kxe6 Re4+ 66. Kf6 h4 67. Nf7 1-0

[Event "Early-Titled-Tuesday-Blitz-April-23-2024"]
[Site "Chess.com"]
[Date "2024.04.23"]
[Round "2"]
[White "YurasovMat-2012"]
[Black "BardArtem"]
[Result "0-1"]
[WhiteElo "2598"]
[BlackElo "2865"]
[TimeControl "180+1"]
[EndTime "8:19:07 PDT"]
[Termination "BardArtem won on time"]

1. e4 c6 2. Nf3 d5 3. Nc3 Bg4 4. h3 Bxf3 5. Qxf3 e6 6. g3 Nf6 7. Bg2 Nxe4 8. Nxe4 dxe4 9. Qxe4 Qd5 10. O-O Qxe4 11.
Bxe4 Nd7 12. d4 Be7 13. c4 O-O-O 14. Be3 Bf6 15. Rad1 Rhe8 16. f4 Nb6 17. b3 Rd7 18. Rd2 Red8 19. Rfd1 g6 20. Kg2 Kb8 21. Bf3 Nc8 22. g4 Ne7 23. Bf2 h6 24. h4 h5 25.
gxh5 gxh5 26. Bxh5 Nf5 27. d5 Bxh4 28. Bxh4 Nxh4+ 29. Kg3 Nf5+ 30. Kf3 cxd5 31. cxd5 Rxd5 32. Rxd5 exd5 33.
Bxf7 d4 34. Be6 Ne7 35. Ke4 Nc6 36. f5 Kc7 37. a3 Rh8 38. f6 Kd6 39. Bc4 Rh5 40.
b4 a6 41. Bd3 Re5+ 42. Kf4 Ke6 43. Rf1 Kxf6 44. Kg4+ Ke6 45. Bc4+ Kd6 46. Rf6+ Kc7 47.
Rf7+ Kb6 48. Kf4 Re3 49. a4 Nxb4 50. Rf6+ Nc6 51. Bd5 Re1 52. Rd6 Kc5 53. Rd7 b5 54. axb5 axb5 55. Be4 Rf1+ 56. Kg3 Nb4 57. Rc7+ Kd6 58.
Rb7 Kc5 59. Rc7+ Kb6 60. Rb7+ Ka6 61. Rd7 d3 62. Bxd3 Nxd3 63. Rxd3 Ka5 64. Kg2 Rf8 65. Rd1 b4 0-1

[Event "Early-Titled-Tuesday-Blitz-April-23-2024"]
[Site "Chess.com"]
[Date "2024.04.23"]
[Round "2"]
[White "PepeCuenca"]
[Black "AsselLesbekova"]
[Result "0-1"]
[WhiteElo "2805"]
[BlackElo "2446"]
[TimeControl "180+1"]
[EndTime "8:19:07 PDT"]
[Termination "AsselLesbekova won by checkmate"]

1. d4 d5 2. Bf4 e6 3. e3 Bd6 4. Qg4 g6 5. Qf3 Bxf4 6. Qxf4 Qd6 7. Qxd6 cxd6 8. Nc3 a6 9. O-O-O Bd7 10. e4 dxe4 11. Nxe4 Ke7 12. d5 e5 13. f4 f5 14. Nd2 e4 15.
Nc4 b5 16. Ne3 Nf6 17. Ne2 Be8 18. h3 h5 19. Rg1 h4 20. Nd4 Nbd7 21. Kb1 Nb6 22. b3 b4 23. a3 a5 24. Kb2 Bf7 25.
axb4 Nfxd5 26. Nxd5+ Nxd5 27. bxa5 Nxf4 28. Nc6+ Ke6 29.
a6 Rhc8 30. Nd4+ Ke5 31. Bb5 Bd5 32. c4 Nd3+ 33. Kc3 Ra7 34. Nf3+ Kf4 35. Nxh4 Ba8 36. g3+ Kg5 37. Ng2 Bc6 38. Bxc6 Rxc6 39. Ra1 Raxa6 40. Rxa6 Rxa6 41. Ne3 Ra2 42. h4+ Kh5 43. Nd5 Re2 44.
b4 Re1 45. b5 Rxg1 46. b6 Rb1 47. Nf6+ Kh6 48. Nd7 Nc5 49. Nf6 Rxb6 50. Kd4 Rb1 51. Kd5 Rg1 52. Kxd6 Nd3 53. Ke6 Rxg3 54. Kf7 g5 55.
Ng8+ Kh5 56. Nf6+ Kxh4 57. Ng8 Ne5+ 58. Ke6 f4 59. Kxe5 f3 60. Ne7 f2 61. Ng6+ Kh3 62. Ne7 f1=Q 63. c5 Qc4 64. Kd6 Rd3+ 65. Kc6 Qa4+ 66. Kc7 Rd7+ 67. Kb6 Rxe7 68. c6 Re6 69. Kc7 Qxc6+ 70. Kd8 Re8# 0-1

[Event "Early-Titled-Tuesday-Blitz-April-23-2024"]
[Site "Chess.com"]
[Date "2024.04.23"]
[Round "2"]
[White "m_ezat"]
[Black "MatthewG-p4p"]
[Result "0-1"]
[WhiteElo "2610"]
[BlackElo "2895"]
[TimeControl "180+1"]
[EndTime "8:19:08 PDT"]
[Termination "MatthewG-p4p won by checkmate"]

1. d4 Nf6 2. c4 c5 3. d5 e6 4. Nc3 exd5 5. cxd5 d6 6. e4 g6 7. f4 Bg7 8. Bb5+ Nfd7 9. Be2 Qh4+ 10. g3 Qe7 11.
Nf3 Nb6 12. e5 O-O 13. O-O Bg4 14. a4 Bxf3 15. Bxf3 dxe5 16. d6 Qd7 17. a5 Nc4 18. Qd5 e4 19. Nxe4 Qe6 20. Qxe6 fxe6 21. Ng5 Nxd6 22. Nxe6 Rc8 23. Rd1 Bd4+ 24. Nxd4 cxd4 25. Rxd4 Nf5 26. Bxb7 Nxd4 27. Bxc8 Nbc6 28. Bb7 Rb8 29. Bxc6 Nxc6 30. Ra3 a6 31. Rc3 Nxa5 32. Rc7 Rb3 33.
Bd2 Nb7 34. Bc3 Nd6 35. Rg7+ Kf8 36. Rxh7 Ne4 37. Ra7 Rb6 38. Kg2 Rc6 39. h3 Kg8 40. g4 Nc5 41. Kg3 Ne4+ 42. Kh4 Kf8 43. Bd4 Rd6 44.
Be5 Rc6 45. Bc3 Rb6 46. Rc7 Re6 47. Rb7 Rc6 48. Bd4 Rd6 49. Bc3 Rc6 50. Ba5 Re6 51. Rb6 Rxb6 52. Bxb6 Nd2 53. Kg5 Kf7 54. Bc5 Ne4+ 55.
Kh6 Nxc5 56. g5 Ne6 57. f5 gxf5 58. g6+ Kf6 59. h4 f4 60. h5 f3 61. g7 Nxg7 62. Kh7 Nxh5 63. Kh6 Nf4 64. Kh7 f2 65. Kg8 f1=Q 66.
Kf8 Qd3 67. Ke8 Qd6 68. b4 Qe7# 0-1

[Event "Early-Titled-Tuesday-Blitz-April-23-2024"]
[Site "Chess.com"]
[Date "2024.04.23"]
[Round "2"]
[White "ChristianArca"]
[Black "Rud_Makarian"]
[Result "0-1"]
[WhiteElo "2641"]
[BlackElo "3010"]
[TimeControl "180+1"]
[EndTime "8:19:10 PDT"]
[Termination "Rud_Makarian won on time"]

1. d4 Nf6 2. c4 e6 3. Nc3 d5 4. Nf3 dxc4 5. e3 a6 6. Bxc4 b5 7. Bd3 Bb7 8. O-O c5 9. dxc5 Bxc5 10. a3 O-O 11. b4 Be7 12. Bb2 Nbd7 13. Qe2 Qb8 14.
Rfd1 Rd8 15. h3 h6 16. Rac1 Bd6 17. Nd4 Ne5 18. Bb1 Nc4 19. Ba2 Nxb2 20. Qxb2 Bh2+ 21.
Kh1 Be5 22. Qe2 Bxd4 23. Rxd4 Rxd4 24. exd4 Qd6 25. Qe5 Rd8 26. Rd1 Qc6 27. d5 exd5 28. f3 d4 29. Rxd4 Re8 30. Qc5 Qxc5 31. bxc5 Rc8 32.
Ne2 Kf8 33. Rd6 Rxc5 34. Nd4 Bc8 35. Rb6 Nd7 36. Rd6 Ne5 37. f4 Nc4 38. Bxc4 bxc4 39. Nc6 g5 40. fxg5 hxg5 41. Nb4 a5 42. Nd5 c3 43.
Ne3 c2 44. Nxc2 Rxc2 45. Rd5 f6 46. Rxa5 Kg7 47. Kg1 Kg6 48. Ra7 Be6 49. Kf1 Bd5 50. g3 Bg2+ 51. Ke1 Bxh3 52. a4 Ra2 53. a5 Bg4 0-1

[Event "Early-Titled-Tuesday-Blitz-April-23-2024"]
[Site "Chess.com"]
[Date "2024.04.23"]
[Round "2"]
[White "ChinguunSu"]
[Black "superchess02"]
[Result "1-0"]
[WhiteElo "2630"]
[BlackElo "2898"]
[TimeControl "180+1"]
[EndTime "8:19:11 PDT"]
[Termination "ChinguunSu won by checkmate"]

1. e4 c5 2. Nf3 d6 3. d4 cxd4 4. Nxd4 Nf6 5. Nc3 a6 6. Nb3 Nc6 7. f3 b5 8. Be3 Bb7 9. a3 e6 10. Qd2 Rc8 11. g4 Nd7 12. f4 b4 13. axb4 Nxb4 14.
Bg2 Qh4+ 15. Bf2 Qxg4 16. Rg1 Qh5 17. Nd4 e5 18. Bf3 Qxh2 19. Nf5 Qxf4 20. Qe2 Nxc2+ 21. Qxc2 Qxf3 22. Rg3 Qh5 23. Rxg7 d5 24. exd5 Bxd5 25. Rxa6 e4 26. Nxd5 Qh1+ 27. Rg1 Qxg1+ 28. Bxg1 Rxc2 29. Ra8+ Nb8 30. Bb6 Kd7 31. Kd1 Rh2 32. Bd4 Ke6 33. Rxb8 Rh1+ 34. Ke2 Rg8 35. Nde3 Rh2+ 36. Kf1 Rh5 37.
Rb6+ Kd7 38. Rb5 Rg6 39. Rb7+ Kc6 40. Rxf7 Bh6 41. Ne7+ Kd6 42. Nxg6 hxg6 43. Rf6+ Ke7 44. Rxg6 Kf7 45. Rf6+ Ke8 46. Re6+ Kd7 47. Rxe4 Rb5 48. Ke2 Rb4 49. Kd3 Bf8 50. Bc3 Rb8 51. Rd4+ Kc6 52. Nc4 Bg7 53. Rd6+ Kc5 54. b4+ Kb5 55. Bxg7 Ka4 56.
Bc3 Rc8 57. Rd5 Kb3 58. Nd2+ Ka4 59. Ra5# 1-0

[Event "Early-Titled-Tuesday-Blitz-April-23-2024"]
[Site "Chess.com"]
[Date "2024.04.23"]
[Round "2"]
[White "JeFumeDesClopes"]
[Black "K_A_S_T_O_R"]
[Result "1/2-1/2"]
[WhiteElo "2604"]
[BlackElo "2851"]
[TimeControl "180+1"]
[EndTime "8:19:12 PDT"]
[Termination "Game drawn - insufficient material"]

1. e4 c5 2. Nc3 e6 3. Nge2 a6 4. g3 d6 5. Bg2 Nc6 6. d4 cxd4 7. Nxd4 Bd7 8. O-O Nf6 9. Be3 Be7 10. h3 Ne5 11. b3 Rc8 12. Qd2 Qc7 13. Nce2 O-O 14. a4 Rfd8 15. c4 Nc6 16. Rac1 Be8 17. Nc3 Qb8 18.
Rfd1 Nd7 19. Bg5 Nf6 20. Qe2 h6 21. Be3 Nd7 22. f4 Nc5 23. Nxc6 Bxc6 24. Qc2 b6 25. b4 Nd7 26. Qf2 Ba8 27. Ne2 a5 28. bxa5 bxa5 29.
Nd4 Nc5 30. Qc2 Bb7 31. Nb5 Qa8 32. e5 dxe5 33. fxe5 Bxg2 34. Qxg2 Qxg2+ 35. Kxg2 Nxa4 36. Rxd8+ Rxd8 37. Ra1 Rd3 38. Bf2 Nc5 39. Rxa5 Ne4 40. Ra8+ Kh7 41. Bb6 Rd2+ 42. Kf3 Ng5+ 43. Ke3 Rc2 44.
h4 Nh3 45. Nd6 Nf2 46. c5 Ng4+ 47. Kd3 Rc1 48. Nxf7 Kg6 49. Nd6 Nxe5+ 50. Ke4 Nd7 51. Ra7 Nxb6 52. Rxe7 Rxc5 53. Rxe6+ Kh7 54. Nf5 Rc4+ 55.
Kf3 Rc3+ 56. Kg2 Nd5 57. h5 Nf6 58. Re7 Nxh5 59. g4 Rc2+ 60. Kf3 Nf6 61. Rxg7+ Kh8 62. Rg6 Rc3+ 63. Kf4 Nd5+ 64. Ke5 Ne3 65. Rxh6+ Kg8 66. Rh4 Nxg4+ 67. Rxg4+ Kf7 68. Rg5 Rc5+ 69. Kf4 Rc4+ 70. Kg3 Kf6 71. Rh5 Kg6 72. Rh4 Rxh4 73. Nxh4+ 1/2-1/2

[Event "Early-Titled-Tuesday-Blitz-April-23-2024"]
[Site "Chess.com"]
[Date "2024.04.23"]
[Round "2"]
[White "AnishOnYoutube"]
[Black "littlepinkyboy"]
[Result "1-0"]
[WhiteElo "3073"]
[BlackElo "2655"]
[TimeControl "180+1"]
[EndTime "8:19:14 PDT"]
[Termination "AnishOnYoutube won on time"]

1. e4 c5 2. Nf3 d6 3. Bc4 e6 4. O-O Nf6 5. d3 Be7 6. a4 O-O 7. Nbd2 b6 8. Re1 Bb7 9. c3 Nbd7 10. Bb3 Qc7 11. Bc2 Rac8 12. Nf1 Rfe8 13. Ng3 Ne5 14. Nxe5 dxe5 15. Qe2 Rcd8 16. h3 Ba6 17. b3 Rd7 18. Be3 Red8 19. Rad1 h6 20. Rf1 Bd6 21. Kh1 Rf8 22. Kh2 Rdd8 23. Rd2 Nh7 24. f3 f5 25. Nh1 Nf6 26. Bg1 Nh5 27. g3 Qe7 28. Rdd1 Rf7 29. f4 Nxf4 30. gxf4 exf4 31. e5 Bc7 32. Rxf4 Rd5 33. Ng3 Bxe5 34. Rf3 Bxc3 35. Qf1 Be5 36. Re1 Qd6 37. Bf2 Bb7 38. Kg1 Rf6 39. Qe2 Rg6 40.
Kh2 Qc7 41. Rg1 Rd8 42. Re3 Bf4 43. Rxe6 Rg5 44. Re8+ Kh7 45. Rxd8 Qxd8 46. d4 cxd4 47. h4 Rxg3 48. Bxf5+ g6 49. Bxg3 gxf5 50. Qh5 Bxg3+ 51. Rxg3 Qf6 52. Rg1 Qe5+ 53. Kh3 Qf6 54. Qe2 f4 55. Qg4 Qf7 56. h5 f3 57. Qg6+ Qxg6 58. Rxg6 d3 59. Kg3 1-0